 Dungeon Crawl Stone Soup version 0.21.1-1-g345015f (webtiles) character file.

673 kae the Insei (level 7, -1/56 HPs)
             Began as a Demonspawn Monk on Apr 22, 2018.
             Was a Believer of Wu Jian.
             Killed by nerve-wracking pain
             ... invoked by an orc priest
              (5 damage)
             ... on level 5 of the Dungeon.
             The game lasted 00:06:11 (4811 turns).

kae the Insei (Demonspawn Monk)                     Turns: 4811, Time: 00:06:12

Health: -1/56      AC:  8    Str: 11    XL:     7   Next: 33%
Magic:  0/7        EV:  9    Int: 11    God:    Wu Jian [**....]
Gold:   151        SH:  0    Dex: 18    Spells: 6/6 levels left

rFire    . . .     SeeInvis .   d - +2 whip (drain)
rCold    + . .     Gourm    .   (no shield)
rNeg     . . .     Faith    .   c - +0 scale mail (curse)
rPois    .         Spirit   +   (no helmet)
rElec    .         Reflect  .   (no cloak)
rCorr    .         Harm     .   a - +1 pair of gloves
MR       .....                  (no boots)
Stlth    +.........             (no amulet)
HPRegen  0.18/turn              e - ring of protection from cold
MPRegen  0.10/turn              (no ring)

@: no status effects
A: claws 1, spiny 2, magic shield
a: Wall Jump, Renounce Religion


You were on level 5 of the Dungeon.
You worshipped Wu Jian.
Wu Jian was pleased with you.
You were not hungry.

You visited 1 branch of the dungeon, and saw 5 of its levels.

You collected 151 gold pieces.

Inventory:

Hand Weapons
 d - a +2 whip of draining (weapon)
Armour
 a - a +1 pair of gloves (worn)
 c - a cursed +0 scale mail (worn)
Jewellery
 e - a ring of protection from cold (left hand)
Wands
 n - a wand of polymorph (5)
Scrolls
 g - a scroll of enchant armour
Potions
 f - 2 potions of might
 h - a potion of ambrosia {unknown}
 i - a potion of flight
 j - 2 potions of brilliance
 l - a potion of heal wounds {unknown}
 m - a potion of cancellation {unknown}
 o - a potion of mutation {unknown}
 p - a potion of degeneration {unknown}
 r - a potion of resistance {unknown}
Comestibles
 b - 7 rations
 q - a chunk of flesh


   Skills:
 + Level 5.4 Fighting
 - Level 2.6 Dodging
 - Level 1.7 Stealth
 * Level 6.6 Unarmed Combat


You had 6 spell levels left.
You didn't know any spells.

Dungeon Overview and Level Annotations

Branches:
Dungeon (5/15)             Temple (0/1) D:4

Altars:
Ashenzari
Cheibriados
Kikubaaqudgha
Sif Muna
Wu Jian
The Shining One

Portals:
Sewer: D:5

Annotations:
D:5 Doomgape's ghost, novice MiFi


Innate Abilities, Weirdness & Mutations

You have sharp fingernails.
You are mostly covered in sharp spines.
When hurt, damage is shared between your health and your magic reserves.


Message History

Doomgape's ghost hits you!
* * * LOW HITPOINT WARNING * * *
The rat splashes around in the water.
An orc priest comes into view. It is wielding a mace.
Okay, then.
Okay, then.
You feel better.
The orc priest shouts!
Doomgape's ghost hits you!
* * * LOW HITPOINT WARNING * * *
The orc priest closely misses you. The rat is struck by your spines.
You kill the rat!
The Council accepts your kill.
You spin and attack Doomgape's ghost.
You hit Doomgape's ghost.
Doomgape's ghost is lightly damaged.
Doomgape's ghost is struck by your spines.
Doomgape's ghost closely misses you.
The orc priest calls down the wrath of Beogh upon you.
Pain shoots through your body!
You die...

...#...#...##.#...
.?.≈≈≈≈≈........#
.#≈≈≈o≈≈≈#.>.#.### #.#
.≈≈≈≈≈≈≈≈........# #.#
..≈≈≈∩≈≈o....#.#.# #.#
..≈≈≈≈≈o†W...#.#.# #.#
.#≈≈≈≈≈≈≈#.###[#.# #.#
...≈≈≈≈≈...# #.#.# #.# ##
#..#≈..#.@####.#.###.# #.
##[..$.[.............####.
####.####.#####..........
#. .# ##########( .. .# #.
.. ## .# .#


You could see 2 orc priests and an orc.

Vanquished Creatures
  Edmund (D:5)
  A sky beast (D:5)
  An ogre (D:3)
  The ghost of lorenzova the Conjurer, an amateur DECj (D:3)
  A crimson imp (D:3)
  An orc wizard (D:4)
  An orc priest (D:3)
  A worker ant (D:4)
  4 gnolls (D:4)
  5 adders
  An ooze (D:3)
  An adder skeleton (D:4)
  2 dart slugs
  A leopard gecko (D:4)
  17 orcs
  9 bats
  11 giant cockroaches
  6 hobgoblins
  5 jackals
  A quokka (D:2)
  3 frilled lizards
  10 goblins
  4 kobolds
  7 rats
95 creatures vanquished.

Notes
Turn   | Place    | Note
-------+----------+-------------------------------------------
     0 | D:1      | kae the Demonspawn Monk began the quest for the Orb.
     0 | D:1      | Reached XP level 1. HP: 18/18 MP: 1/1
    58 | D:1      | Reached skill level 3 in Unarmed Combat
   334 | D:1      | Gained mutation: You are partially covered in sharp spines. [demonic ancestry]
   334 | D:1      | Reached XP level 2. HP: 21/24 MP: 2/2
   604 | D:1      | Gained mutation: You have sharp fingernails. [demonic ancestry]
   604 | D:1      | Reached XP level 3. HP: 29/29 MP: 3/3
   772 | D:2      | Found a snail-covered altar of Cheibriados.
  1185 | D:2      | Found a faded altar of an unknown god.
  1185 | D:2      | Found a glowing golden altar of the Shining One.
  1190 | D:2      | Found an ancient bone altar of Kikubaaqudgha.
  1192 | D:2      | Found a faded altar of an unknown god.
  1194 | D:2      | Found a deep blue altar of Sif Muna.
  1604 | D:3      | Reached skill level 4 in Unarmed Combat
  1604 | D:3      | Reached XP level 4. HP: 36/37 MP: 4/4
  1630 | D:3      | Found a shattered altar of Ashenzari.
  1878 | D:3      | Noticed an ogre
  2126 | D:3      | Noticed lorenzova's ghost (amateur DECj)
  2271 | D:3      | Found an ornate altar of the Wu Jian Council.
  2314 | D:3      | Became a worshipper of the Wu Jian Council
  2314 | D:3      | Reached * piety under Wu Jian
  2314 | D:3      | Reached ** piety under Wu Jian
  2351 | D:3      | Gained mutation: You are mostly covered in sharp spines. [demonic ancestry]
  2351 | D:3      | Reached XP level 5. HP: 14/42 MP: 5/5
  2637 | D:3      | Killed an ogre
  2637 | D:3      | Reached skill level 5 in Unarmed Combat
  2979 | D:3      | Found a faded altar of an unknown god.
  2992 | D:3      | Gained mutation: When hurt, damage is shared between your health and your magic reserves. [demonic ancestry]
  2992 | D:3      | Reached XP level 6. HP: 49/49 MP: 6/6
  3278 | D:3      | Killed lorenzova's ghost
  3920 | D:4      | Found a staircase to the Ecumenical Temple.
  4227 | D:4      | Reached skill level 5 in Fighting
  4227 | D:4      | Reached skill level 6 in Unarmed Combat
  4629 | D:5      | Entered Level 5 of the Dungeon
  4629 | D:5      | Noticed Edmund
  4646 | D:5      | Killed Edmund
  4646 | D:5      | Reached XP level 7. HP: 31/56 MP: 5/7
  4793 | D:5      | Found a glowing drain.
  4798 | D:5      | Noticed Doomgape's ghost (novice MiFi)
  4811 | D:5      | Killed from afar by an orc priest

Skill      XL: |  1  2  3  4  5  6 |
---------------+-------------------+-----
Unarmed Combat | 3 4 5 6 |  6.6
Fighting       | 4 5 |  5.4
Dodging        | |  2.6
Stealth        | |  1.7

Action                   |  1- 3 |  4- 6 |  7- 9 || total
-------------------------+-------+-------+-------++-------
Melee: Unarmed           |    23 |    18 |       ||    41
       Whip              |    79 |   130 |    15 ||   224
       Punch             |     1 |     2 |       ||     3
Invok: Lunge             |       |    13 |     1 ||    14
       Whirlwind         |       |     2 |     1 ||     3
  Use: Scroll            |     7 |     3 |       ||    10
       Potion            |       |       |     1 ||     1
 Stab: Sleeping          |     1 |       |       ||     1
  Eat: Chunk             |     2 |     9 |     1 ||    12
Armor: Scale mail        |    48 |    45 |     8 ||   101
       Robe              |     3 |       |       ||     3
       Skin              |       |     1 |       ||     1
Dodge: Dodged            |    52 |    73 |     4 ||   129
